 Dungeon Sprint DCSS version 0.30-a0-29-g142975f185 (webtiles) character file.

Game seed: 11174534876005663080

612 jt the Unseen (level 7, -4/50 HPs)
             Began as a Kobold Brigand on Aug 25, 2022.
             Was an Initiate of Dithmenos.
             Slain by a hellwing (9 damage)
             ... summoned by a kobold demonologist
             ... in the Dungeon (Sprint I: "Red Sonja").
             The game lasted 00:01:29 (340 turns).

jt the Unseen (Kobold Brigand)                       Turns: 340, Time: 00:01:30

Health: -4/50      AC:  3    Str:  9    XL:     7   Next: 72%
Magic:  7/7        EV: 14    Int: 12    God:    Dithmenos [......]
Gold:   420        SH:  0    Dex: 18    Spells: 6/6 levels left

rFire   . . .      SeeInvis .    a - +2 dagger
rCold   . . .      Faith    .    (no shield)
rNeg    . . .      Spirit   .    b - +0 robe
rPois   .          Reflect  .    (no helmet)
rElec   .          Harm     .    c - +0 cloak
rCorr   .          Rampage  .    (no gloves)
Will    .....      NoTele   +    (no boots)
Stlth   ++++++++..               (no amulet)
HPRegen 0.16/turn                (no ring)
MPRegen 0.10/turn                (no ring)

@: lethally poisoned (-4 -> -13), hasted, very quick
A: small, no large weapons, nightstalker 3
a: Renounce Religion


You were in the Dungeon.
You worshipped Dithmenos.
Dithmenos was noncommittal.
You visited 1 branch You collected 420 gold pieces.

Inventory:

Hand Weapons
 a - a +2 dagger (weapon)
Missiles
 d - 9 poisoned darts (quivered)
 e - 3 curare-tipped darts
Armour
 b - a +0 robe (worn)
 c - a +0 cloak (worn)
Wands
 l - a wand of flame (4)
Scrolls
 k - a scroll of blinking
Potions
 f - 2 potions of curing
 g - a potion of heal wounds
 i - 2 potions of magic


   Skills:
 + Level 8.4 Fighting
 - Level 10.0 Short Blades
 - Level 2.1 Throwing
 - Level 1.2 Dodging
 + Level 16.9 Stealth


You had 6 spell levels left.
You didn't know any spells.
Your spell library contained the following spells:

 Spells                   Type           Power      Damage    Failure   Level
 Gell's Gravitas          Tloc           0%         N/A       69%         3
 Teleport Other           Tloc           0%         N/A       69%         3
 Dispersal                Tloc           0%         N/A       100%        6


Dungeon Overview and Level Annotations

Branches:
Dungeon (1/1)

Altars:
Cheibriados
Dithmenos
Elyvilon
Fedhas
Gozag
Hepliaklqana
Kikubaaqudgha
Makhleb
Nemelex Xobeh
Okawaru
Qazlal
Ru
Sif Muna
Trog
Uskayaw
Vehumet
Wu Jian
Xom
Yredelemnul
Zin
The Shining One
Jiyva
Lugonu

Shops:
D =


Innate Abilities, Weirdness & Mutations

You are small and have problems with some larger weapons.
You are completely attuned to the shadows.


Message History

You can move again.
You feel yourself speed up.
You feel very sick.
The floating eye gazes piercingly through you!
You shrug off the repeated paralysis!
The kobold demonologist hits you but does no damage.
The kobold demonologist hits you with a +0 dagger.
The orange demon misses you.
The crimson imp blinks!
The ynoxinul gestures.
Unknown command.
You hit the floating eye.
The floating eye is moderately wounded.
You feel sick.
Okay, then.
Okay, then.
You hit the floating eye.
The floating eye is moderately wounded.
You feel sick. The ufetubus closely misses you. The ufetubus hits you.
You hit the floating eye.
The floating eye is heavily wounded.
You feel sick. The kobold demonologist misses you.
The kobold demonologist mumbles some strange words.
The hellwing hits you! The hellwing closely misses you.
The orange demon barely misses you.
You hit the kobold demonologist.
The kobold demonologist is lightly wounded.
You feel sick. The ufetubus misses you. The ufetubus closely misses you.
You hit the kobold demonologist.
The kobold demonologist is lightly wounded.
You feel sick.
You hit the kobold demonologist but do no damage.
The kobold demonologist is lightly wounded.
You feel sick.
The ufetubus hits you but does no damage. x2
The kobold demonologist misses you. x2
The floating eye seems to glare at you. The orange demon stings you from afar!
* * * LOW HITPOINT WARNING * * *
The crimson imp blinks!
The hellwing hits you!
You die...

####################
'..#.)'..#__#..55K5#
#.)'..#..'..'..#@G3#
##'#####'#__####K44+
#..#...#.#### #####
####..##.#
___##'#_.+
∩...'..._#
.__##_.#'#
___###+#.# #### ###


You could see an orange demon (summoned), a hellwing (summoned), 2 kobold
demonologists, a ynoxinul (summoned), a floating eye (charged), a crimson imp
(summoned), a shadow imp (summoned) and an ufetubus (summoned).

Vanquished Creatures
  A slime creature (D)
  Sigmund (D)
  A yak (D)
  An ogre (D)
  A jelly (D)
  Ijyb (D)
6 creatures vanquished.

Notes
Turn   | Place    | Note
-------+----------+-------------------------------------------
     0 | D        | jt the Kobold Brigand began the quest for the Orb.
     0 | D        | Reached XP level 1. HP: 12/12 MP: 1/1
     2 | D        | Noticed Ijyb
     4 | D        | Killed Ijyb
     5 | D        | Reached skill level 9 in Stealth
     5 | D        | Reached XP level 2. HP: 17/17 MP: 2/2
     5 | D        | Reached XP level 3. HP: 21/21 MP: 3/3
     7 | D        | Noticed an ogre
    10 | D        | Killed an ogre
    11 | D        | Reached skill level 13 in Stealth
    11 | D        | Reached XP level 4. HP: 26/26 MP: 4/4
    11 | D        | Reached XP level 5. HP: 30/30 MP: 5/5
    22 | D        | Noticed Sigmund
    24 | D        | Killed Sigmund
    25 | D        | Reached skill level 5 in Fighting
    25 | D        | Reached skill level 15 in Stealth
    25 | D        | Reached XP level 6. HP: 40/40 MP: 6/6
    31 | D        | Found an ornate altar of the Wu Jian Council.
    31 | D        | Found a shimmering blue altar of Sif Muna.
    32 | D        | Found a radiant altar of Vehumet.
    38 | D        | Found a hazy altar of Hepliaklqana.
    38 | D        | Found a stormy altar of Qazlal.
    38 | D        | Found a hide-covered altar of Uskayaw.
    38 | D        | Found a blossoming altar of Fedhas.
    38 | D        | Noticed a yak
    39 | D        | Found Riroczoo's Jewellery Emporium.
    39 | D        | Found a bloodstained altar of Trog.
    39 | D        | Found an opulent altar of Gozag.
    39 | D        | Found a snail-covered altar of Cheibriados.
    40 | D        | Killed a yak
    41 | D        | Reached skill level 16 in Stealth
    41 | D        | Reached XP level 7. HP: 48/48 MP: 7/7
    41 | D        | Found an iron altar of Okawaru.
    41 | D        | Found a sparkling altar of Nemelex Xobeh.
    41 | D        | Found a sacrificial altar of Ru.
    41 | D        | Found a glowing silver altar of Zin.
    42 | D        | Found an ancient bone altar of Kikubaaqudgha.
    42 | D        | Found a basalt altar of Yredelemnul.
    42 | D        | Found a glowing golden altar of the Shining One.
    42 | D        | Found a shadowy altar of Dithmenos.
    42 | D        | Found a white marble altar of Elyvilon.
    47 | D        | Became a worshipper of Dithmenos the Shadowed
    92 | D        | Found a burning altar of Makhleb.
    92 | D        | Found a viscous altar of Jiyva.
    92 | D        | Found a shimmering altar of Xom.
    92 | D        | Found a corrupted altar of Lugonu.
    92 | D        | Noticed a slime creature
   102 | D        | Killed a slime creature
   103 | D        | Reached skill level 10 in Short Blades
   326 | D        | Noticed a kobold demonologist
   327 | D        | Noticed a kobold demonologist
   330 | D        | Noticed a ynoxinul
   330 | D        | Noticed a hellwing
   331 | D        | Paralysed by a floating eye for 2 turns
   333 | D        | Noticed an orange demon
   340 | D        | Slain by a hellwing

Illustrated notes

Levels and vault maps discovered:
D:        dungeon_sprint_1 [red_sonja_temple_1, red_sonja_temple_small_1]

Skill      XL: |  1  2  3  4  5  6  7 |
---------------+----------------------+-----
Stealth        | 9 13 15 16 | 16.9
Fighting       | 5 7 8 |  8.4
Short Blades   | 6 8 10 | 10.0
Throwing       | |  2.1
Dodging        | |  1.2

Action                   |  1- 3 |  4- 6 |  7- 9 || total
-------------------------+-------+-------+-------++-------
Melee: Dagger            |     2 |     3 |    17 ||    22
  Use: Potion            |       |       |     2 ||     2
 Stab: Sleeping          |     2 |     3 |       ||     5
Armor: Robe              |       |       |     4 ||     4
Dodge: Dodged            |       |       |    10 ||    10

Table legend: (Time is in decaauts)
 A = Elapsed time spent in this place.
 B = Non-inter-level travel time spent in this place.
 C = Inter-level travel time spent in this place.
 D = Time resting spent in this place.
 E = Time spent auto-exploring this place.
 F = Levels seen in this place.
 G = Mean time per level.
                   A        B        C        D        E       F      G
               +--------+--------+--------+--------+--------+-----+--------+
         Total |    340 |    340 |      0 |    213 |      0 |   1 |  340.0 |
       Dungeon |    340 |    340 |      0 |    213 |      0 |   1 |  340.0 |
               +--------+--------+--------+--------+--------+-----+--------+

Top non-repeatable levels by time:
       D: 340 daAuts
